PL
BUFFALO WHITE WALKERS @ PORTLAND EVERGREENS
08/08/2042
 
TOP OF THE 1ST
Buffalo White Walkers batting - Pitching for Portland Evergreens : RHP Cristián Moreno
Pitching: RHP Cristián Moreno
Batting: LHB Dread Roberts 0-0: Called Strike
0-1: Ball
1-1: Ground out 1-3 (Groundball, 13, EV 85.6 MPH)
Batting: RHB Tom Smythe 0-0: Ball
1-0: SINGLE (Line Drive, 4D, EV 99.4 MPH)
Batting: LHB Ryder Ringor 0-0: Ball
1-0: Called Strike
1-1: SINGLE (Groundball, 34D, EV 98.8 MPH)
Tom Smythe to second
Runner from 2nd tries for 3rd, SAFE, no throw by RF
Batting: SHB Je-myung Yu 0-0: Fly out, F3 (Line Drive, 3, EV 70.6 MPH)
Lined into DP, U3 (Line Drive, 3, EV 75.6 MPH)
Top of the 1st over - 0 runs, 2 hits, 0 errors, 1 left on base; Buffalo 0 - Portland 0
BOTTOM OF THE 1ST
Portland Evergreens batting - Pitching for Buffalo White Walkers : RHP Damien Hayward
Pitching: RHP Damien Hayward
Batting: RHB Richard Jost 0-0: Ball
1-0: Foul Ball, location: 2F
1-1: Ground out 4-3 (Groundball, 4, EV 103.8 MPH)
Batting: LHB Fernando Soto 0-0: Fly out, F9 (Flyball, 9LSF, EV 84.4 MPH)
Batting: RHB Kameron Guangorena 0-0: Ball
1-0: Ball
2-0: Called Strike
2-1: Ball
3-1: Fly out, F8 (Line Drive, 8LM, EV 86.9 MPH)
Bottom of the 1st over - 0 runs, 0 hits, 0 errors, 0 left on base; Buffalo 0 - Portland 0
TOP OF THE 2ND
Buffalo White Walkers batting - Pitching for Portland Evergreens : RHP Cristián Moreno
Batting: RHB Eddie Sachs 0-0: Ball
1-0: Called Strike
1-1: Ball
2-1: Called Strike
2-2: Strikes out swinging, 2-3 out at first.
Batting: SHB Max Bortenschlager 0-0: Called Strike
0-1: Ground out U3 (Groundball, 34, EV 93.1 MPH)
Batting: SHB Tom Dickinson 0-0: Ball
1-0: Called Strike
1-1: Ground out 5-3 (Groundball, 56, EV 101.9 MPH)
Top of the 2nd over - 0 runs, 0 hits, 0 errors, 0 left on base; Buffalo 0 - Portland 0
BOTTOM OF THE 2ND
Portland Evergreens batting - Pitching for Buffalo White Walkers : RHP Damien Hayward
Batting: SHB Tetsu Matsumoto 0-0: Ball
1-0: Ball
2-0: Ball
3-0: Called Strike
3-1: Ground out 3-1 (Groundball, 3S, EV 81.9 MPH)
Batting: RHB An-te-hai Qing 0-0: Ball
1-0: Ball
2-0: Ball
3-0: Called Strike
3-1: SINGLE (Groundball, 5, EV 108.1 MPH) (infield hit)
Batting: SHB Yosuke Daisen 0-0: Called Strike
0-1: Ball
1-1: Ball
2-1: Swinging Strike
2-2: 2-RUN HOME RUN (Flyball, 89XD, EV 100.0 MPH), Distance : 404 ft
Batting: LHB Surender Nada 0-0: Ball
1-0: Ball
2-0: Foul Ball, location: 2F
2-1: Ground out 5-3 (Groundball, 56, EV 106.2 MPH)
Batting: RHB David Milliken 0-0: Swinging Strike
0-1: Swinging Strike
0-2: Ball
1-2: Foul Ball, location: 2F
1-2: Fly out, F7 (Flyball, 7LM, EV 91.9 MPH)
Bottom of the 2nd over - 2 runs, 2 hits, 0 errors, 0 left on base; Buffalo 0 - Portland 2
TOP OF THE 3RD
Buffalo White Walkers batting - Pitching for Portland Evergreens : RHP Cristián Moreno
Batting: LHB Alexis Raimbault 0-0: DOUBLE (Flyball, 78XD, EV 111.2 MPH)
Batting: RHB Armando Altagracia 0-0: Fly out, F9 (Flyball, 89M, EV 90.6 MPH)
Batting: LHB Dread Roberts 0-0: Foul Ball, location: 2F
0-1: Foul Ball, location: 2F
0-2: Ground out 3-1 (Groundball, 3, EV 84.4 MPH)
Alexis Raimbault to third
Batting: RHB Tom Smythe 0-0: Foul Ball, location: 2F
0-1: Swinging Strike
0-2: Strikes out swinging
Top of the 3rd over - 0 runs, 1 hit, 0 errors, 1 left on base; Buffalo 0 - Portland 2
BOTTOM OF THE 3RD
Portland Evergreens batting - Pitching for Buffalo White Walkers : RHP Damien Hayward
Batting: RHB Orlando Samundio 0-0: Ball
1-0: Ball
2-0: Called Strike
2-1: Ball
3-1: Fly out, F4 (Line Drive, 4, EV 68.8 MPH)
Batting: RHB Richard Jost 0-0: Ball
1-0: Called Strike
1-1: SINGLE (Groundball, 34S, EV 91.9 MPH) (infield hit)
Batting: LHB Fernando Soto 0-0: Ball
1-0: Fly out, F8 (Line Drive, 8LM, EV 103.1 MPH)
Batting: RHB Kameron Guangorena 0-0: DOUBLE (Line Drive, 89XD, EV 96.2 MPH)
Richard Jost to third
Runner from 3rd tries for Home, SAFE, throw by CF to home
Batting: SHB Tetsu Matsumoto 0-0: Called Strike
0-1: Called Strike
0-2: Ground out U3 (Groundball, 34, EV 92.5 MPH)
Bottom of the 3rd over - 1 run, 2 hits, 0 errors, 1 left on base; Buffalo 0 - Portland 3
TOP OF THE 4TH
Buffalo White Walkers batting - Pitching for Portland Evergreens : RHP Cristián Moreno
Batting: LHB Ryder Ringor 0-0: Foul Ball, location: 2F
0-1: Ball
1-1: Fly out, F8 (Flyball, 8LD, EV 93.1 MPH)
Batting: SHB Je-myung Yu 0-0: Ball
1-0: Ball
2-0: Ball
3-0: Called Strike
3-1: SOLO HOME RUN (Flyball, 9D, EV 109.4 MPH), Distance : 389 ft
Batting: RHB Eddie Sachs 0-0: Called Strike
0-1: Ground out 5-3 (Groundball, 25, EV 89.4 MPH)
Batting: SHB Max Bortenschlager 0-0: Called Strike
0-1: Ball
1-1: Ball
2-1: Swinging Strike
2-2: Ground out 6-3 (Groundball, 6M, EV 86.9 MPH)
Top of the 4th over - 1 run, 1 hit, 0 errors, 0 left on base; Buffalo 1 - Portland 3
BOTTOM OF THE 4TH
Portland Evergreens batting - Pitching for Buffalo White Walkers : RHP Damien Hayward
Batting: RHB An-te-hai Qing 0-0: Ball
1-0: Foul Ball, location: 2F
1-1: Ball
2-1: Foul Ball, location: 2F
2-2: Foul Ball, location: 2F
2-2: Ball
3-2: DOUBLE (Line Drive, 7LS, EV 106.9 MPH)
Batting: SHB Yosuke Daisen 0-0: Ball
1-0: Ball
2-0: DOUBLE (Line Drive, 8LXD, EV 112.5 MPH)
An-te-hai Qing scores
Batting: LHB Surender Nada 0-0: Ball
1-0: Called Strike
1-1: Foul Ball, location: 2F
1-2: Fly out, F8 (Line Drive, 8RM, EV 106.9 MPH)
Batting: RHB David Milliken 0-0: Swinging Strike
0-1: Foul Ball, location: 2F
0-2: Ball
1-2: Ball
2-2: Ball
3-2: SINGLE (Groundball, 6MD, EV 98.8 MPH)
Yosuke Daisen to third
Runner from 3rd tries for Home, SAFE, throw by CF to home
Pitching: LHP Sicnarf Loopstok
Batting: RHB Orlando Samundio 0-0: Called Strike
0-1: Ball
1-1: Called Strike
1-2: Ball
David Milliken steals 2nd base
2-2: Foul Ball, location: 2F
2-2: Strikes out swinging
Batting: RHB Richard Jost 0-0: Ball
1-0: Ground out 1-3 (Groundball, 13, EV 61.2 MPH)
Bottom of the 4th over - 2 runs, 3 hits, 0 errors, 1 left on base; Buffalo 1 - Portland 5
TOP OF THE 5TH
Buffalo White Walkers batting - Pitching for Portland Evergreens : RHP Cristián Moreno
Batting: SHB Tom Dickinson 0-0: Foul Ball, location: 2F
0-1: Ball
1-1: Foul Ball, location: 2F
1-2: Ground out U3 (Groundball, 3, EV 82.5 MPH)
Batting: LHB Alexis Raimbault 0-0: Called Strike
0-1: Ball
1-1: Ball
2-1: Ball
3-1: Called Strike
3-2: Fly out, F8 (Flyball, 8RM, EV 89.4 MPH)
Batting: RHB Armando Altagracia 0-0: SINGLE (Groundball, 6D, EV 105.0 MPH)
Batting: LHB Dread Roberts 0-0: Called Strike
0-1: Ground out 1-3 (Groundball, 34S, EV 90.0 MPH)
Top of the 5th over - 0 runs, 1 hit, 0 errors, 1 left on base; Buffalo 1 - Portland 5
BOTTOM OF THE 5TH
Portland Evergreens batting - Pitching for Buffalo White Walkers : LHP Sicnarf Loopstok
Batting: LHB Fernando Soto 0-0: Called Strike
0-1: Ball
1-1: Foul Ball, location: 2F
1-2: Foul Ball, location: 2F
1-2: Foul Ball, location: 2F
1-2: Strikes out swinging
Batting: RHB Kameron Guangorena 0-0: Called Strike
0-1: Ball
1-1: Swinging Strike
1-2: Ball
2-2: Ball
3-2: Foul Ball, location: 2F
3-2: Strikes out swinging
Batting: SHB Tetsu Matsumoto 0-0: Ground out 6-3 (Groundball, 6S, EV 87.5 MPH)
Bottom of the 5th over - 0 runs, 0 hits, 0 errors, 0 left on base; Buffalo 1 - Portland 5
TOP OF THE 6TH
Buffalo White Walkers batting - Pitching for Portland Evergreens : RHP Cristián Moreno
Batting: RHB Tom Smythe 0-0: Called Strike
0-1: Ball
1-1: Foul Ball, location: 2F
1-2: Ball
2-2: Ball
3-2: Foul Ball, location: 2F
3-2: Base on Balls
Batting: LHB Ryder Ringor 0-0: Ball
1-0: Called Strike
1-1: Foul Ball, location: 2F
1-2: Ball
2-2: Strikes out swinging
Batting: SHB Je-myung Yu 0-0: Called Strike
0-1: Foul Ball, location: 2F
0-2: Ball
1-2: Ball
2-2: Foul Ball, location: 2F
2-2: Ball
3-2: SINGLE (Groundball, 6MD, EV 102.5 MPH)
Tom Smythe to second
Tom Smythe to third
Batting: RHB Eddie Sachs 0-0: Ball
1-0: DOUBLE (Groundball, 5L, EV 96.9 MPH)
Tom Smythe scores
Je-myung Yu to third
Batting: SHB Max Bortenschlager 0-0: Called Strike
0-1: Fly out, F9 (Line Drive, 9, EV 98.1 MPH)
Runner from 3rd tags up, SCORES, throw by RF
Eddie Sachs to third
Batting: SHB Tom Dickinson 0-0: Called Strike
0-1: Ball
1-1: Foul Ball, location: 2F
1-2: Ground out 5-3 (Groundball, 5L, EV 102.5 MPH)
Top of the 6th over - 2 runs, 2 hits, 0 errors, 1 left on base; Buffalo 3 - Portland 5
BOTTOM OF THE 6TH
Portland Evergreens batting - Pitching for Buffalo White Walkers : LHP Sicnarf Loopstok
Batting: RHB An-te-hai Qing 0-0: Ball
1-0: Ball
2-0: Ball
3-0: Called Strike
3-1: Ground out 5-3 (Groundball, 5L, EV 98.1 MPH)
Batting: SHB Yosuke Daisen 0-0: Ball
1-0: Ball
2-0: Called Strike
2-1: Called Strike
2-2: Strikes out swinging
Batting: LHB Surender Nada 0-0: Ball
1-0: Called Strike
1-1: Foul Ball, location: 2F
1-2: Foul Ball, location: 2F
1-2: Ball
2-2: Fly out, F9 (Flyball, 9LM, EV 88.8 MPH)
Bottom of the 6th over - 0 runs, 0 hits, 0 errors, 0 left on base; Buffalo 3 - Portland 5
TOP OF THE 7TH
Buffalo White Walkers batting - Pitching for Portland Evergreens : RHP Cristián Moreno
Batting: LHB Alexis Raimbault 0-0: Ball
1-0: SINGLE (Groundball, 6MD, EV 99.4 MPH)
Batting: RHB Armando Altagracia 0-0: Called Strike
0-1: Called Strike
0-2: Ball
1-2: Fly out, F9 (Flyball, 9S, EV 88.8 MPH)
Batting: LHB Dread Roberts 0-0: Fly out, F9 (Flyball, 89S, EV 87.5 MPH)
Batting: RHB Tom Smythe 0-0: Called Strike
0-1: Ball
1-1: Fly out, F8 (Line Drive, 8LM, EV 95.6 MPH)
Top of the 7th over - 0 runs, 1 hit, 0 errors, 1 left on base; Buffalo 3 - Portland 5
BOTTOM OF THE 7TH
Portland Evergreens batting - Pitching for Buffalo White Walkers : LHP Sicnarf Loopstok
Batting: RHB David Milliken 0-0: Ball
1-0: Called Strike
1-1: DOUBLE (Line Drive, 8LD, EV 111.2 MPH)
Batting: RHB Orlando Samundio 0-0: Called Strike
0-1: Called Strike
0-2: Ball
1-2: Ground out 1-3 (Groundball, 34S, EV 85.6 MPH)
David Milliken to third
Batting: RHB Richard Jost 0-0: Intentional Walk
Batting: LHB Fernando Soto 0-0: Ground out 6-3 (Groundball, 4MS, EV 86.9 MPH)
Richard Jost to second
Batting: RHB Kameron Guangorena 0-0: Ball
1-0: Swinging Strike
1-1: Foul Ball, location: 2F
1-2: Fly out, F8 (Line Drive, 8RD, EV 98.1 MPH)
Bottom of the 7th over - 0 runs, 1 hit, 0 errors, 2 left on base; Buffalo 3 - Portland 5
TOP OF THE 8TH
Buffalo White Walkers batting - Pitching for Portland Evergreens : RHP Cristián Moreno
Pitching: LHP Raúl Romero
Batting: LHB Ryder Ringor 0-0: Ball
1-0: Called Strike
1-1: Foul Ball, location: 2F
1-2: Ball
2-2: Strikes out swinging
Batting: SHB Je-myung Yu 0-0: Called Strike
0-1: Ball
1-1: Ball
2-1: Foul Ball, location: 2F
2-2: Foul Ball, location: 2F
2-2: Strikes out swinging
Batting: RHB Eddie Sachs 0-0: Ball
1-0: Swinging Strike
1-1: Foul Ball, location: 2F
1-2: Ball
2-2: Strikes out swinging
Top of the 8th over - 0 runs, 0 hits, 0 errors, 0 left on base; Buffalo 3 - Portland 5
BOTTOM OF THE 8TH
Portland Evergreens batting - Pitching for Buffalo White Walkers : LHP Sicnarf Loopstok
Batting: SHB Tetsu Matsumoto 0-0: Ball
1-0: Fly out, F9 (Line Drive, 9, EV 91.9 MPH)
Batting: RHB An-te-hai Qing 0-0: Ball
1-0: Ball
2-0: Ball
3-0: Fly out, F6 (Popup, 56D, EV 58.1 MPH)
Batting: SHB Yosuke Daisen 0-0: Ground out 1-3 (Groundball, P, EV 68.1 MPH)
Bottom of the 8th over - 0 runs, 0 hits, 0 errors, 0 left on base; Buffalo 3 - Portland 5
TOP OF THE 9TH
Buffalo White Walkers batting - Pitching for Portland Evergreens : LHP Raúl Romero
Pitching: RHP Joo-hyun Pak
Batting: SHB Max Bortenschlager 0-0: DOUBLE (Groundball, 5L, EV 95.0 MPH)
Batting: SHB Tom Dickinson 0-0: Ball
1-0: Ground out 4-3 (Groundball, 4, EV 85.6 MPH)
Max Bortenschlager to third
Batting: LHB Alexis Raimbault 0-0: Ground out 6-3 (Groundball, 6, EV 85.6 MPH)
Max Bortenschlager scores
Pinch Hitting: LHB Mare Riseley 0-0: Ball
1-0: Called Strike
1-1: Ball
2-1: Ball
3-1: Base on Balls
Batting: LHB Dread Roberts 0-0: SINGLE (Line Drive, 8LS, EV 93.8 MPH)
Mare Riseley to second
Runner from 2nd tries for 3rd, SAFE, throw by CF made to third
Batting: RHB Tom Smythe 0-0: Ball
1-0: Called Strike
1-1: Foul Ball, location: 2F
1-2: Strikes out swinging
Top of the 9th over - 1 run, 2 hits, 0 errors, 2 left on base; Buffalo 4 - Portland 5
Friday, March 26th, 2021 - OOTP Baseball 20.8 Build 74